 Dungeon Crawl Stone Soup version 0.21.0-24-g2553a33 (webtiles) character file.

170 mopl the Ruffian (level 5, -3/45 HPs)
             Began as a Ghoul Monk on Jan 21, 2018.
             Splashed by a jelly's acid (5 damage)
             ... on level 3 of the Dungeon.
             The game lasted 00:03:33 (1877 turns).

mopl the Ruffian (Ghoul Monk)                       Turns: 1877, Time: 00:03:33

Health: -3/45      AC: -6    Str: 15    XL:     5   Next: 50%
Magic:  4/4        EV: 13    Int:  8    God:
Gold:   137        SH:  0    Dex: 12    Spells: 4/4 levels left

rFire    . . .     SeeInvis .     - Unarmed
rCold    + . .     Gourm    .   (no shield)
rNeg     + + +     Faith    .   a - +0 robe
rPois    ∞         Spirit   .   (no helmet)
rElec    .         Reflect  .   (no cloak)
rCorr    .         Harm     .   (no gloves)
MR       .....                  (no boots)
Stlth    +++.......             e - amulet of regeneration
HPRegen  0.00/turn              q - ring of stealth
MPRegen  0.09/turn              h - +3 ring of intelligence

@: corroded, rotting
A: rotting body, claws 1, carnivore, cold resistance 1, negative energy
resistance 3, inhibited regeneration, torment resistance, unbreathing
a: no special abilities


You were on level 3 of the Dungeon.
You were not hungry.

You visited 1 branch of the dungeon, and saw 3 of its levels.

You collected 137 gold pieces.

Inventory:

Hand Weapons
 s - a +0 blowgun
Missiles
 r - 3 curare-tipped needles
Armour
 a - a +0 robe (worn)
 c - a +0 chain mail
Jewellery
 e - an amulet of regeneration (around neck)
 h - a +3 ring of intelligence (right claw)
 q - a ring of stealth (left claw)
Scrolls
 f - 3 scrolls of enchant armour {unknown}
 g - a scroll of fog {unknown}
 j - a scroll of blinking {unknown}
 k - a scroll of amnesia {unknown}
 l - 2 scrolls of identify {unknown}
 m - a scroll of remove curse {unknown}
 n - a scroll of noise {unknown}
Potions
 d - a potion of mutation {unknown}
 i - a potion of brilliance {unknown}
 o - a potion of agility {unknown}
 p - a potion of magic {unknown}
Comestibles
 b - 3 rations
 t - 6 chunks of flesh


   Skills:
 - Level 3.2 Fighting
 - Level 2.6 Dodging
 - Level 2.1 Stealth
 * Level 6.6 Unarmed Combat


You had 4 spell levels left.
You didn't know any spells.

Dungeon Overview and Level Annotations

Branches:
Dungeon (3/15)

Altars:
Ashenzari


Innate Abilities, Weirdness & Mutations

Your body is rotting away.
You thrive on raw meat.
You are immune to poison.
You have sharp fingernails.
You are carnivorous and can eat meat at any time.
Your flesh is cold resistant. (rC+)
You are immune to negative energy. (rN+++)
You do not regenerate when monsters are visible.
You are immune to unholy pain and torment.
You can survive without breathing.


Message History

The jelly is heavily wounded.
The jelly hits you. The acid corrodes you!
You are splashed with acid!
The acid burns!
You are too injured to fight recklessly!
You are too injured to fight recklessly!
You scratch the jelly.
Your claws burn!
The jelly is almost dead.
The jelly hits you.
You are splashed with acid!
The acid burns!
* * * LOW HITPOINT WARNING * * *
Eat one of 7 chunks of flesh? (ye/n/q)
You eat one of the 7 chunks of flesh.
This raw flesh tastes great!
The jelly hits you.
* * * LOW HITPOINT WARNING * * *
The acid corrodes you!
You are splashed with acid!
The acid burns!
* * * LOW HITPOINT WARNING * * *
There is a stone staircase leading up here.
The jelly hits you.
* * * LOW HITPOINT WARNING * * *
The acid corrodes you!
You are splashed with acid!
The acid burns!
You die...

################.########
.............<...........
####.#.####.#.#.#........
#..........#.#.....###
#...####.#.#.#.....#
#........#.#.#.....#
#...#......#.#.....#
#...########.#J....##
#............@........
#..#########.##.#.....
#............ .#.....
...##........... .#.....
...........##### ## .###
##.####........ #
########.


You could see a jelly.

Vanquished Creatures
  An orc priest (D:3)
  Jessica (D:2)
  A gnoll (D:1)
  4 adders
  A worm (D:2)
  3 dart slugs
  2 leopard geckos
  3 orcs (D:3)
  A ball python (D:1)
  6 giant cockroaches
  3 goblins
  4 hobgoblins
  6 jackals
  3 kobolds
  A quokka (D:2)
  6 bats
  3 frilled lizards (D:1)
  4 rats
53 creatures vanquished.

Notes
Turn   | Place    | Note
-------+----------+-------------------------------------------
     0 | D:1      | mopl the Ghoul Monk began the quest for the Orb.
     0 | D:1      | Reached XP level 1. HP: 19/19 MP: 0/0
   245 | D:1      | Reached XP level 2. HP: 26/26 MP: 1/1
   275 | D:1      | Reached skill level 4 in Unarmed Combat
   610 | D:1      | Reached XP level 3. HP: 16/31 MP: 2/2
   908 | D:2      | Found a shattered altar of Ashenzari.
  1002 | D:2      | Reached skill level 5 in Unarmed Combat
  1110 | D:2      | Noticed Jessica
  1115 | D:2      | Killed Jessica
  1115 | D:2      | Reached XP level 4. HP: 36/38 MP: 3/3
  1641 | D:3      | Reached skill level 6 in Unarmed Combat
  1672 | D:3      | Reached XP level 5. HP: 30/45 MP: 4/4
  1877 | D:3      | HP: 2/45 [jelly (2)]
  1877 | D:3      | Splashed by a jelly's acid

Skill      XL: |  1  2  3  4 |
---------------+-------------+-----
Unarmed Combat | 4 5 6 |  6.6
Fighting       | |  3.2
Dodging        | |  2.6
Stealth        | |  2.1

Action                   |  1- 3 |  4- 6 || total
-------------------------+-------+-------++-------
Melee: Unarmed           |   105 |   103 ||   208
 Stab: Sleeping          |     5 |     2 ||     7
  Eat: Chunk             |     7 |     6 ||    13
Armor: Robe              |    19 |    17 ||    36
Dodge: Dodged            |    67 |    84 ||   151
